 Dungeon Crawl Stone Soup version 0.25-a0-356-g7c9d860b3b (webtiles) character file.

Game seed: 8876233530568777346, levelgen mode: deterministic

89 Dustman the Skirmisher (level 4, -1/37 HPs)
             Began as a Demonspawn Monk on Jan 3, 2020.
             Slain by a centaur (7 damage)
             ... on level 2 of the Dungeon.
             The game lasted 00:10:41 (1331 turns).

Dustman the Skirmisher (Demonspawn Monk)            Turns: 1331, Time: 00:10:42

Health: -1/37      AC:  2    Str: 12    XL:     4   Next: 31%
Magic:  4/4        EV: 13    Int: 11    God:
Gold:   86         SH:  0    Dex: 16    Spells: 3/3 levels left

rFire    + . .     SeeInvis .     - Unarmed
rCold    . . .     Gourm    .   (no shield)
rNeg     . . .     Faith    .   a - +0 robe
rPois    .         Spirit   .   (helmet restricted)
rElec    .         Reflect  .   (no cloak)
rCorr    .         Harm     .   (no gloves)
MR       .....                  (no boots)
Stlth    ++........             (no amulet)
HPRegen  0.12/turn              (no ring)
MPRegen  0.09/turn              (no ring)

@: no status effects
A: horns 1, fire resistance 1
a: no special abilities


You were on level 2 of the Dungeon.
You were hungry.

You visited 1 branch of the dungeon, and saw 2 of its levels.

You collected 86 gold pieces.

Inventory:

Armour
 a - a +0 robe (worn)
Scrolls
 c - a scroll of identify {unknown}
 e - a scroll of fear {unknown}
 f - a scroll of noise {unknown}
Potions
 d - a potion of brilliance
Comestibles
 b - 3 rations


   Skills:
 + Level 4.0 Fighting
 + Level 3.0 Dodging
 - Level 1.7 Stealth
 + Level 3.7 Unarmed Combat


You had 3 spell levels left.
You didn't know any spells.
Your spell library was empty.

Dungeon Overview and Level Annotations

Branches:
Dungeon (2/15)

Altars:
Ru
Zin


Innate Abilities, Weirdness & Mutations

You have a pair of small horns on your head.
Your flesh is heat resistant. (rF+)


Message History

The centaur hits you.
You hit the centaur.
The centaur is moderately wounded.
The centaur closely misses you.
You hit the centaur but do no damage.
The centaur is moderately wounded.
The centaur hits you! The centaur hits you.
You hit the centaur. You headbutt the centaur.
The centaur is heavily wounded.
The centaur barely misses you.
You hit the centaur but do no damage.
The centaur is heavily wounded.
The centaur barely misses you.
You hit the centaur.
You headbutt the centaur, but do no damage.
The centaur is severely wounded.
The centaur hits you!
* * * LOW HITPOINT WARNING * * *
The centaur hits you!
You die...

#....<# #####.# #s#
#############r#
#.........)...#
#........###### ##.#.(....##
##.#.#......# #######
##.#..@#.....# #.....#
#######g#...c.#.##.###.###.#
.......c#.≈≈≈.#.##.......#.#
........#≈...≈#.##########.#
........#≈._.≈#.# #....#
........#(...≈#.# #.####
........#(≈≈≈.#.# ####.#
........#.....#.# #....####
.........#...#.# #.##....#


You could see a centaur.

Vanquished Creatures
  2 adders
  A gnoll (D:1)
  2 worms (D:2)
  4 dart slugs
  4 leopard geckos
  A giant cockroach (D:1)
  4 goblins (D:1)
  5 hobgoblins
  3 ball pythons
  3 bats
  3 frilled lizards
  7 kobolds
  7 rats
46 creatures vanquished.

Vanquished Creatures (others)
  A rat (D:2)
1 creature vanquished.

Grand Total: 47 creatures vanquished

Notes
Turn   | Place    | Note
-------+----------+-------------------------------------------
     0 | D:1      | Dustman the Demonspawn Monk began the quest for the Orb.
     0 | D:1      | Reached XP level 1. HP: 18/18 MP: 1/1
   157 | D:1      | Gained mutation: You have a pair of small horns on your
                  | head. [demonic ancestry]
   157 | D:1      | Reached XP level 2. HP: 19/24 MP: 2/2
   405 | D:1      | Reached XP level 3. HP: 21/29 MP: 3/3
   714 | D:2      | Found a sacrificial altar of Ru.
   721 | D:2      | Noticed a centaur
   971 | D:2      | Gained mutation: Your flesh is heat resistant. (rF+)
                  | [demonic ancestry]
   971 | D:2      | Reached XP level 4. HP: 15/37 MP: 4/4
  1077 | D:2      | Reached skill level 4 in Fighting
  1169 | D:2      | Noticed an angel
  1171 | D:2      | Found a glowing silver altar of Zin.
  1331 | D:2      | Slain by a centaur

Levels and vault maps discovered:
D:1:      wander_arrival_desolate, layout_basic
D:2:      layout_basic, nicolae_ru_awakened_eye, zin_angel, lemuel_doored_altar

Skill      XL: |  1  2  3  4 |
---------------+-------------+-----
Unarmed Combat | 3 |  3.7
Fighting       | 4 |  4.0
Dodging        | 3 |  3.0
Stealth        | |  1.7

Action                   |  1- 3 |  4- 6 || total
-------------------------+-------+-------++-------
Melee: Unarmed           |   147 |    32 ||   179
       Punch             |     7 |     2 ||     9
       Headbutt          |    15 |     7 ||    22
  Use: Potion            |     2 |       ||     2
 Stab: Sleeping          |     1 |       ||     1
  Eat: Chunk             |       |     1 ||     1
Armor: Robe              |    15 |     3 ||    18
Dodge: Dodged            |    86 |    17 ||   103

Table legend:
 A = Non-vault XP
 B = Vault XP
 C = Vault XP percentage of total XP
 D = Non-vault monster count
 E = Vault monster count
 F = Vault count percentage of total count
                 A         B        C        D         E       F
            +---------+---------+-------+---------+---------+-------
      Total |     128 |       0 |   0.0 |      46 |       0 |   0.0
            +---------+---------+-------+---------+---------+-------
        D:1 |      86 |       0 |   0.0 |      34 |       0 |   0.0
        D:2 |      42 |       0 |   0.0 |      12 |       0 |   0.0
            +---------+---------+-------+---------+---------+-------
